 Dungeon Crawl Stone Soup version 0.25.1-2-g60ff931df9 (webtiles) character file.

Game seed: 4481523357894904861

63 sirvaulterscoff the Stinger (level 3, -5/26 HPs)
             Began as a Draconian Venom Mage on Aug 6, 2020.
             Slain by a worm (7 damage)
             ... on level 2 of the Dungeon.
             The game lasted 00:03:11 (1646 turns).

sirvaulterscoff the Stinger (Draconian Venom Mage)  Turns: 1646, Time: 00:03:12

Health: -5/26      AC:  5    Str: 10    XL:     3   Next: 87%
Magic:  3/6        EV: 12    Int: 16    God:
Gold:   73         SH:  0    Dex: 11    Spells: 5/6 levels left

rFire    . . .     SeeInvis .   e - +0 whip
rCold    . . .     Gourm    .   (no shield)
rNeg     . . .     Faith    .   (armour unavailable)
rPois    .         Spirit   .   (helmet restricted)
rElec    .         Reflect  .   (no cloak)
rCorr    .         Harm     .   (no gloves)
MR       .....     Rnd*Tele +   (no boots)
Stlth    ++........             (no amulet)
HPRegen  0.08/turn              i - ring of teleportation (curse)
MPRegen  0.10/turn              (no ring)

@: no status effects
A: unfitting armour, cold-blooded, AC +5
a: no special abilities


You were on level 2 of the Dungeon.
You were not hungry.

You visited 1 branch of the dungeon, and saw 2 of its levels.

You collected 73 gold pieces.

Inventory:

Hand Weapons
 c - a +0 club
 e - a +0 whip (weapon)
Jewellery
 i - a cursed ring of teleportation (left hand)
Scrolls
 a - 2 scrolls of amnesia {unknown}
 d - a scroll of magic mapping {unknown}
 f - a scroll of noise {unknown}
 g - a scroll of fog {unknown}
Potions
 h - a potion of lignification {unknown}
 j - a potion of curing {unknown}
Comestibles
 b - 5 rations
 k - a chunk of flesh


   Skills:
 + Level 2.4 Maces & Flails
 - Level 1.7 Dodging
 - Level 1.7 Stealth
 - Level 2.0 Spellcasting
 - Level 1.0 Transmutations
 - Level 4.0 Poison Magic


You had 5 spell levels left.
You knew the following spells:

 Your Spells              Type           Power        Failure   Level  Hunger
a - Sting                 Tmut/Pois      #...         8%          1    #......

Your spell library contained the following spells:

 Spells                   Type           Power        Failure   Level  Hunger
 Poisonous Vapours        Pois/Air       #.....       14%         2    ###....
 Ignite Poison            Fire/Tmut/Pois #.......     30%         3    ###....
 Mephitic Cloud           Conj/Pois/Air  #.......     36%         3    ###....
 Olgreb's Toxic Radiance  Pois           ##......     36%         4    #####..


Dungeon Overview and Level Annotations

Branches:
Dungeon (2/15)

Altars:


Innate Abilities, Weirdness & Mutations

Your plain brown scales are hard. (AC +5)
You cannot fit into any form of body armour.
You are cold-blooded and may be slowed by cold attacks.


Message History

Terence hits you with a +0 hand axe!
* * * LOW HITPOINT WARNING * * *
Unknown command.
Terence says, "How do you enjoy it?"
You hit Terence.
You kill Terence!
Your Maces & Flails skill increases to level 2!
Unknown command.
Things that are here:
a +0 hand axe; a +0 ring mail; the human corpse of Terence A rat comes into view.
The leopard gecko barely misses you. The leopard gecko bites you.
* * * LOW HITPOINT WARNING * * *
Found an escape hatch in the floor.
The leopard gecko completely misses you.
Found a robe.
Your magical contamination has completely faded away.
The leopard gecko bites you but does no damage.
The worm bites you!
You die...

......# ..... .#
#.#.# .#
#######.#.##.####
............[....
######.#......#
#.#r.....# #.#......#
###@#......#
#.w.l....>.#
#########.w..........
#.w)w..........#.####
#.####.........#.#
#.# #.#######.#.# ###
#.# ...# .#
....##w##.### .#
.....lw.[...# .#


You could see 2 worms and a leopard gecko.

Vanquished Creatures
  Terence (D:2)
  An adder (D:1)
  An ooze (D:2)
  2 dart slugs
  A giant cockroach (D:1)
  6 goblins (D:1)
  3 hobgoblins (D:1)
  A ball python (D:2)
  3 bats (D:1)
  A frilled lizard (D:1)
  2 kobolds (D:1)
  3 rats
25 creatures vanquished.

Notes
Turn   | Place    | Note
-------+----------+-------------------------------------------
     0 | D:1      | sirvaulterscoff the Draconian Venom Mage began the quest
                  | for the Orb.
     0 | D:1      | Reached XP level 1. HP: 14/14 MP: 3/3
   515 | D:1      | Reached XP level 2. HP: 20/20 MP: 5/5
  1221 | D:1      | Reached skill level 4 in Poison Magic
  1224 | D:1      | Reached skill level 1 in Maces & Flails
  1224 | D:1      | Reached XP level 3. HP: 17/26 MP: 2/6
  1601 | D:2      | Noticed Terence
  1627 | D:2      | Killed Terence
  1632 | D:2      | HP: 1/26 [leopard gecko (3)]
  1646 | D:2      | Slain by a worm

Illustrated notes

Levels and vault maps discovered:
D:1:      mrwooster_arrival_arrow, layout_loops_corners, roderic_three_in_a_row,
          minmay_misc_feat_chi
D:2:      layout_basic, nrook_mini_vaults, uniq_terence

Skill      XL: |  1  2  3 |
---------------+----------+-----
Poison Magic   | 4 |  4.0
Maces & Flails | 1 2 |  2.4
Dodging        | |  1.7
Stealth        | |  1.7
Spellcasting   | |  2.0
Transmutations | |  1.0

Action                   || total
-------------------------++-------
Melee: Whip              ||    69
       Unarmed           ||     6
       Tailslap          ||     7
       Club              ||     2
 Cast: Sting             ||    10
 Stab: Sleeping          ||     4
  Eat: Chunk             ||     2
Armor: Skin              ||    14
Dodge: Dodged            ||    56
